General information
- name: BNet
- type: Ladder team game (AT/RT)
- host: Battle.net
- saver: SERIOUSCRAFT
map: Mur'gulOasis
- players: 8
- length: 16:06
- speed: Fast
- version: 1.24 W3XP
- replay type: Public
» download(85 KB)
Players
team 1 (loser)

»
proutt (
purple | 41 APM | 628 actions | 15:28)
5 Demon Hunter
3 Immolation
2 Evasion
» actions
| Basic commands | 14 | |
| Build / train | 49 | |
| Enter build submenu | 18 | |
| Enter hero's abilities submenu | 5 | |
| Right click | 274 | |
| Select / deselect | 232 | |
| Use ability | 36 | |
628 total
» units
| Wisp | 16 | |
| Archer | 6 | |
| Huntress | 7 | |
| Dryad | 6 | |
35 total
» upgrades
| Abolish Magic | 1 | |
| Upgrade Moon Glaive | 1 | |
| Marksmanship | 1 | |
| Improved Bows | 1 | |
| Sentinel | 1 | |
5 total
» buildings
| Moon Well | 8 | |
| Altar of Elders | 1 | |
| Ancient of War | 2 | |
| Ancient of Wonders | 1 | |
| Hunter's Hall | 1 | |
| Tree of Ages | 1 | |
| Ancient Protector | 1 | |
| Tree of Eternity | 1 | |
| Ancient of Lore | 2 | |
18 total
» build order
00:16 Moon Well
00:47 Altar of Elders
00:56 Ancient of War
01:28 Ancient of Wonders
02:19 Hunter's Hall
02:42 Moon Well
03:43 Moon Well
03:52 Ancient of War
04:24 Tree of Ages
04:51 Moon Well
05:48 Ancient Protector
07:33 Tree of Eternity
08:56 Ancient of Lore
09:13 Moon Well
09:20 Ancient of Lore
10:25 Moon Well
12:32 Moon Well
13:47 Moon Well
» items
redkiller (
pink | 29 APM | 459 actions | 15:50)
4 Blademaster
2 Wind Walk
2 Critical Strike
» actions
| Assign group hotkey | 11 | |
| Basic commands | 20 | |
| Build / train | 42 | |
| Enter build submenu | 21 | |
| Enter hero's abilities submenu | 4 | |
| Right click | 129 | |
| Select / deselect | 112 | |
| Select group hotkey | 68 | |
| Use ability | 52 | |
459 total
» units
| Peon | 11 | |
| Grunt | 6 | |
| Tauren | 4 | |
| Shaman | 4 | |
25 total
» upgrades
| Berserker Strength | 1 | |
| Reinforced Defenses | 1 | |
| Pulverize | 1 | |
| Shaman Training | 2 | |
| Spiked Barricades | 1 | |
6 total
» buildings
| Altar of Storms | 1 | |
| Orc Burrow | 12 | |
| Barracks | 1 | |
| Stronghold | 1 | |
| Voodoo Lounge | 1 | |
| War Mill | 2 | |
| Fortress | 1 | |
| Tauren Totem | 1 | |
| Spirit Lodge | 1 | |
21 total
» build order
00:10 Altar of Storms
00:17 Orc Burrow
01:12 Orc Burrow
01:58 Barracks
02:12 Orc Burrow
03:10 Orc Burrow
03:31 Stronghold
03:51 Voodoo Lounge
04:07 Orc Burrow
04:59 War Mill
05:06 Orc Burrow
06:37 Orc Burrow
07:06 Fortress
07:35 Orc Burrow
09:55 Orc Burrow
10:01 Tauren Totem
10:08 Spirit Lodge
10:16 Orc Burrow
10:57 War Mill
12:02 Orc Burrow
12:59 Orc Burrow
» items
| Healing Salve | 2 | |
| Orb of Lightning | 1 | |
| Scroll of Town Portal | 1 | |
4 total
Deadlyexecutor (
blue | 52 APM | 832 actions | 16:02)
2 Blademaster
1 Wind Walk
1 Critical Strike
» actions
| Assign group hotkey | 13 | |
| Basic commands | 14 | |
| Build / train | 40 | |
| Enter build submenu | 27 | |
| Enter hero's abilities submenu | 2 | |
| Remove unit from queue | 4 | |
| Right click | 366 | |
| Select / deselect | 203 | |
| Select group hotkey | 102 | |
| Use ability | 61 | |
832 total
» units
» upgrades
| Backpack | 0 | |
| Shaman Training | 2 | |
| Witch Doctor Training | 2 | |
| Berserker Strength | 1 | |
| Melee Weapons | 1 | |
| Armor | 1 | |
7 total
» buildings
| Altar of Storms | 1 | |
| Orc Burrow | 4 | |
| Barracks | 1 | |
| Voodoo Lounge | 1 | |
| Stronghold | 1 | |
| War Mill | 1 | |
| Spirit Lodge | 5 | |
| Fortress | 2 | |
| Tauren Totem | 2 | |
18 total
» build order
00:05 Altar of Storms
00:06 Orc Burrow
00:54 Barracks
00:58 Voodoo Lounge
04:01 Stronghold
04:06 Orc Burrow
04:44 War Mill
06:39 Spirit Lodge
06:57 Spirit Lodge
07:00 Spirit Lodge
07:44 Spirit Lodge
07:59 Spirit Lodge
09:10 Fortress
10:40 Orc Burrow
11:32 Orc Burrow
12:21 Tauren Totem
12:30 Tauren Totem
» items

»
JumpRoach (
red | 18 APM | 282 actions | 15:59)
4 Dreadlord
2 Vampiric Aura
2 Carrion Swarm
» actions
| Basic commands | 3 | |
| Build / train | 36 | |
| Enter build submenu | 10 | |
| Enter hero's abilities submenu | 4 | |
| Right click | 113 | |
| Select / deselect | 102 | |
| Use ability | 14 | |
282 total
» units
» upgrades
| Unholy Strength | 1 | |
| Creature Attack | 2 | |
| Creature Carapace | 1 | |
4 total
» buildings
| Ziggurat | 5 | |
| Altar of Darkness | 1 | |
| Crypt | 2 | |
| Graveyard | 1 | |
| Halls of the Dead | 1 | |
| Black Citadel | 1 | |
| Spirit Tower | 1 | |
12 total
» build order
00:10 Ziggurat
00:13 Altar of Darkness
00:17 Crypt
01:19 Ziggurat
01:56 Graveyard
02:21 Ziggurat
03:18 Halls of the Dead
05:01 Ziggurat
05:57 Crypt
09:57 Ziggurat
10:55 Black Citadel
15:01 Spirit Tower
team 2 (winner)
Anatoly (
teal | 50 APM | 806 actions | 16:03)
5 Demon Hunter
1 Immolation
1 Mana Burn
3 Evasion
» actions
| Basic commands | 8 | |
| Build / train | 81 | |
| Enter build submenu | 14 | |
| Enter hero's abilities submenu | 5 | |
| Give item / drop item | 2 | |
| Right click | 507 | |
| Select / deselect | 141 | |
| Use ability | 48 | |
806 total
» units
| Wisp | 15 | |
| Huntress | 19 | |
| Dryad | 18 | |
| Archer | 4 | |
| Druid of the Claw | 6 | |
62 total
» upgrades
| Moon Armor | 1 | |
| Reinforced Hides | 2 | |
| Strength of the Wild | 1 | |
| Abolish Magic | 1 | |
| Druid of the Claw Training | 2 | |
| Improved Bows | 1 | |
| Mark of the Claw | 1 | |
9 total
» buildings
| Hunter's Hall | 1 | |
| Moon Well | 7 | |
| Altar of Elders | 1 | |
| Ancient of War | 2 | |
| Ancient of Wonders | 1 | |
| Tree of Ages | 1 | |
| Ancient of Lore | 2 | |
| Tree of Eternity | 1 | |
16 total
» build order
00:13 Hunter's Hall
00:16 Moon Well
01:24 Moon Well
01:47 Moon Well
02:11 Altar of Elders
02:30 Ancient of War
02:41 Ancient of War
03:10 Ancient of Wonders
05:53 Tree of Ages
05:57 Moon Well
07:17 Moon Well
08:19 Ancient of Lore
08:24 Ancient of Lore
09:23 Moon Well
10:20 Moon Well
10:26 Tree of Eternity
» items
SERIOUSCRAFT (
orange | 61 APM | 979 actions | 16:06)
4 Mountain King
2 Storm Bolt
2 Bash
1 Death Knight
1 Death Coil
3 Paladin
2 Holy Light
1 Divine Shield
» actions
| Assign group hotkey | 16 | |
| Basic commands | 2 | |
| Build / train | 56 | |
| Enter build submenu | 26 | |
| Enter hero's abilities submenu | 8 | |
| Give item / drop item | 1 | |
| Remove unit from queue | 3 | |
| Right click | 442 | |
| Select / deselect | 189 | |
| Select group hotkey | 180 | |
| Use ability | 56 | |
979 total
» units
| Peasant | 13 | |
| Footman | 6 | |
| Acolyte | 2 | |
| Crypt Fiend | 5 | |
| Ghoul | 3 | |
| Gryphon Rider | 2 | |
31 total
» upgrades
| Web | 1 | |
| Storm Hammers | 1 | |
| Lumber Harvesting | 1 | |
| Animal War Training | 1 | |
| Swords | 1 | |
5 total
» buildings
| Altar of Kings | 1 | |
| Farm | 8 | |
| Barracks | 2 | |
| Arcane Vault | 1 | |
| Scout Tower | 1 | |
| Keep | 1 | |
| Altar of Darkness | 1 | |
| Graveyard | 1 | |
| Lumber Mill | 1 | |
| Black Citadel | 1 | |
| Crypt | 2 | |
| Castle | 1 | |
| Gryphon Aviary | 3 | |
| Blacksmith | 1 | |
| Ziggurat | 3 | |
28 total
» build order
00:08 Altar of Kings
00:13 Farm
00:50 Barracks
00:55 Barracks
01:02 Farm
01:31 Arcane Vault
01:49 Farm
02:25 Scout Tower
02:40 Farm
02:41 Farm
03:49 Keep
06:32 Altar of Darkness
06:36 Graveyard
08:33 Lumber Mill
09:00 Black Citadel
09:06 Crypt
09:08 Crypt
09:32 Castle
09:40 Gryphon Aviary
10:40 Blacksmith
11:14 Gryphon Aviary
11:20 Gryphon Aviary
11:47 Ziggurat
13:01 Ziggurat
13:02 Ziggurat
13:58 Farm
13:59 Farm
14:00 Farm
» items
| Scroll of Town Portal | 1 | |
| Boots of Speed | 1 | |
| Periapt of Vitality | 1 | |
3 total
GeneralCharles (
green | 26 APM | 416 actions | 16:03)
5 Blademaster
2 Wind Walk
3 Critical Strike
3 Death Knight
1 Death Coil
2 Unholy Aura
» actions
| Basic commands | 5 | |
| Build / train | 55 | |
| Enter build submenu | 14 | |
| Enter hero's abilities submenu | 9 | |
| Right click | 118 | |
| Select / deselect | 194 | |
| Use ability | 21 | |
416 total
» units
| Peon | 6 | |
| Troll Headhunter/Berserker | 21 | |
| Wind Rider | 5 | |
| Acolyte | 1 | |
33 total
» upgrades
| Armor | 1 | |
| Ranged Weapons | 2 | |
| Creature Attack | 2 | |
| Creature Carapace | 1 | |
| Berserker Upgrade | 1 | |
| Freezing Breath | 1 | |
8 total
» buildings
| Altar of Storms | 1 | |
| Orc Burrow | 5 | |
| War Mill | 1 | |
| Barracks | 1 | |
| Voodoo Lounge | 1 | |
| Halls of the Dead | 1 | |
| Spirit Tower | 1 | |
| Altar of Darkness | 1 | |
| Stronghold | 1 | |
| Watch Tower | 1 | |
| Fortress | 1 | |
| Beastiary | 1 | |
| Sacrificial Pit | 1 | |
| Boneyard | 1 | |
18 total
» build order
00:04 Altar of Storms
00:09 Orc Burrow
01:07 War Mill
01:35 Barracks
02:30 Orc Burrow
02:59 Orc Burrow
04:57 Voodoo Lounge
05:27 Halls of the Dead
05:52 Spirit Tower
06:30 Altar of Darkness
06:51 Stronghold
06:57 Watch Tower
09:23 Fortress
09:28 Beastiary
12:42 Sacrificial Pit
14:03 Orc Burrow
14:22 Boneyard
14:37 Orc Burrow
Firepaw495 (
yellow | 13 APM | 71 actions | 05:20)
» actions
| Build / train | 7 | |
| Enter build submenu | 5 | |
| Right click | 6 | |
| Select / deselect | 48 | |
| Use ability | 5 | |
71 total
» units
» buildings
| Ziggurat | 2 | |
| Graveyard | 1 | |
| Spirit Tower | 1 | |
4 total
» build order
00:24 Ziggurat
01:27 Graveyard
01:34 Ziggurat
03:17 Spirit Tower
Chat log
(00:25 / All) Anatoly: GG YOU HAVE PINK
(00:32 / All) Deadlyexecutor: ??
(00:35 / All) Anatoly: HIS LEAVE ,DONT KNOW PLAY AIR MAP
(00:42 / Allies) Firepaw495: what
(00:47 / All) Anatoly: HIS NOOB
(00:50 / All) Deadlyexecutor: oh
(00:55 / All) Anatoly: AND LEAVER
(01:01 / Allies) Firepaw495: are u talking about me
(01:02 / All) Deadlyexecutor: how do you know?
(01:06 / All) Anatoly: PINK
(01:17 / All) Anatoly: LAST GAME
(01:43 / All) Anatoly: kill him and take mine
(01:54 / All) proutt: no
(02:09 / Allies) Firepaw495: lol
(02:22 / Allies) Anatoly: move your shit noob
(02:29 / Allies) Firepaw495: me
(02:33 / Allies) Anatoly: you
(03:01 / Allies) Anatoly: oh...lol
(03:13 / Allies) Anatoly: whata noob
(03:24 / All) Anatoly: yel
(03:28 / All) Deadlyexecutor: yellow is a noob
(03:30 / Allies) Anatoly: go fucking play 1v1
(03:32 / All) Deadlyexecutor: Lmao what are you talkin bout?
(03:34 / All) Anatoly: total
(04:03 / All) Anatoly: yello leave i control yours shit
(04:40 / Allies) SERIOUSCRAFT: wow
(04:41 / Allies) Anatoly: cmon noob
(04:55 / Allies) Firepaw495: what
(05:01 / Allies) SERIOUSCRAFT: yellow
(05:03 / Allies) Anatoly: quit this game
(05:12 / Allies) Firepaw495: ok
(05:14 / Allies) SERIOUSCRAFT: press alt q q to get more resources
(05:15 / Allies) Anatoly: bye
(05:19 / Allies) SERIOUSCRAFT: it only works if youre level 1
(05:23 / Allies) SERIOUSCRAFT: :)
(05:37 / Allies) Anatoly: oj take him?
(07:34 / Allies) GeneralCharles: come
(08:50 / Allies) Anatoly: out
(10:47 / Allies) Anatoly: we need mass aa
(10:50 / Allies) SERIOUSCRAFT: gettign tanks
(11:00 / Allies) SERIOUSCRAFT: actually ill get gryphs and yellow will get fiends
(15:33 / All) SERIOUSCRAFT: gg